Cogmind - Beta 14 @@@ ROGUE MODE // 2024.12.01 @ 19:11:57 Player: akira Result: Destroyed self with Grenade Launcher Performance ------------- Evolutions (1) 500 Regions Visited (6) 1200 Robots Destroyed (78) 390 Value Destroyed (1788) 1788 Prototype IDs (27) 540 Alien Tech Used (0) 0 Bonus (427) 427 TOTAL SCORE: 4845 Bonus ------- High Alert Combat Kills 92 Follower Combat Kills 35 Aligned with FarCom 300 Cogmind --------- Core Integrity 0/400 Matter 251/300 Energy 264/265 System Corruption 7% Temperature Cool (0) Movement Walking (90) Location -8/Mines Parts ------- > --- POWER (1) -------- Reinforced Ion Engine > --- PROPULSION (2) --- Potential Leg Potential Leg > --- UTILITY (4) ------ Large Storage Unit Hardened Light Armor Plating Hardened Light Armor Plating Hacking Suite > --- WEAPON (2) ------- Improved Assault Rifle Grenade Launcher > --- INVENTORY (15) --- Heavy Ion Engine Airjet Airjet Airjet Airjet Medium Storage Unit Improved Terrain Scanner Terrain Scan Processor Seismic Detector Light Armor Plating Hacking Suite Beamcaster Explosive Trap Peak State ------------ > --- POWER ------------ Reinforced Ion Engine > --- PROPULSION ------- Potential Leg Potential Leg > --- UTILITY ---------- Large Storage Unit Hardened Light Armor Plating Hardened Light Armor Plating Hacking Suite > --- WEAPON ----------- Improved Assault Rifle Grenade Launcher > --- INVENTORY -------- Heavy Ion Engine Airjet Airjet Airjet Airjet Medium Storage Unit Improved Terrain Scanner Terrain Scan Processor Seismic Detector Light Armor Plating Hacking Suite Beamcaster Explosive Trap [Rating: 37] Favorites ----------- Power Reinforced Ion Engine Engine Reinforced Ion Engine Propulsion Light Treads Treads Light Treads Leg Aluminum Leg Hover Unit Airjet Utility Large Storage Unit Device Improved Heat Sink Storage Large Storage Unit Processor Signal Interpreter Hackware Hacking Suite Protection Light Armor Plating Weapon Assault Rifle Energy Gun Beamcaster Ballistic Gun Assault Rifle Ballistic Cannon Light Cannon Launcher Grenade Launcher Build | -11 -10 -10 -9 -9 -9 -8 ------- Run | Yrd Mat Min Mat Min Exi Min Slots Evolved 2 | . . . 2 . . . Power . | . . . . . . . Propulsion . | . . . . . . . Utility 2 | . . . 2 . . . Weapon . | . . . . . . . Parts Attached 54 | 7 7 . 36 . 4 . Power 4 | 1 . . 3 . . . Engine 4 | 1 . . 3 . . . Core . | . . . . . . . Reactor . | . . . . . . . Propulsion 15 | 2 2 . 9 . 2 . Treads 8 | 2 . . 6 . . . Leg 6 | . 2 . 2 . 2 . Wheel . | . . . . . . . Hover 1 | . . . 1 . . . Flight . | . . . . . . . Utility 19 | 1 3 . 15 . . . Device 3 | . 1 . 2 . . . Storage 2 | 1 1 . . . . . Processor 1 | . 1 . . . . . Hackware 3 | . . . 3 . . . Protection 10 | . . . 10 . . . Artifact . | . . . . . . . Weapon 16 | 3 2 . 9 . 2 . Energy Gun 1 | . . . 1 . . . Energy Cannon . | . . . . . . . Ballistic Gun 12 | 3 1 . 7 . 1 . Ballistic Cannon 2 | . 1 . 1 . . . Launcher 1 | . . . . . 1 . Special Weapon . | . . . . . . . Impact Weapon . | . . . . . . . Slashing Weapon . | . . . . . . . Piercing Weapon . | . . . . . . . Special Melee Weapon . | . . . . . . . Unidentified Prototypes 2 | . . . 2 . . . Parts Lost 15 | . 2 1 12 . . . Power 2 | . . 1 1 . . . Propulsion 5 | . 1 . 4 . . . Utility 5 | . . . 5 . . . Weapon 3 | . 1 . 2 . . . Highest Loss Streak 4 | . 1 1 4 . . . To Critical Strikes . | . . . . . . . Average Slot Usage (%) 89 | . 99 85 86 100 78 100 Engine 10 | . 14 . 9 11 11 11 Treads 10 | . 18 . 8 22 14 . Leg 9 | . 9 28 8 . 6 22 Device 7 | . 10 . 7 . . . Storage 11 | . 14 14 11 11 11 11 Processor 3 | . 3 14 2 . . . Hackware 6 | . . . 8 11 11 11 Protection 6 | . . . 8 22 22 22 Energy Gun 1 | . . . 3 . . . Ballistic Gun 15 | . 23 14 14 22 1 11 Ballistic Cannon 4 | . 3 14 3 . . . Peak Build Rating 37 | 7 10 8 22 21 37 37 Average Rating 13 | 4 8 7 15 21 20 37 On Entrance 14 | . 7 8 8 21 21 37 Naked Turns . | . . . . . . . Heaviest Build 46 | 14 29 24 46 46 46 46 Greatest Support 60 | 40 40 20 40 40 60 60 Greatest Overweight (x) 13 | . 1 1 13 1 1 . Average Overweight (x) . | . . 1 1 1 . . Largest Inventory Capacity 15 | 8 15 15 15 15 15 15 Average Capacity 13 | 7 9 15 15 15 15 15 Most Carried 15 | 8 10 15 15 15 15 13 Average Carried 12 | 6 8 12 14 15 14 13 Final Capacity 15 | 8 15 15 15 15 15 15 Final Carried 15 | 8 10 15 15 15 13 13 Class Distribution -------------------- 75% | Mutant 21% | Scavenger-Mutant Dominant Class ---------------- Mutant | -10/Materials Mutant | -10/Mines Mutant | -9/Materials Mutant | -9/Mines Mutant | -9/Exiles Mutant | -8/Mines Resources | -11 -10 -10 -9 -9 -9 -8 ----------- Run | Yrd Mat Min Mat Min Exi Min Matter Collected 1990 | 320 446 10 1158 . . 56 Remotely . | . . . . . . . Salvage Created 2578 | 133 544 . 1901 . . . Parts 188 | 17 44 . 127 . . . Haulers Intercepted 4 | . 1 . 3 . . . Recyclers Shooed 2 | . . . 2 . . . Parts Field Recycled . | . . . . . . . Retrieved Matter . | . . . . . . . Parts Self-Destructed . | . . . . . . . Prevented . | . . . . . . . Kills | -11 -10 -10 -9 -9 -9 -8 ------- Run | Yrd Mat Min Mat Min Exi Min Combat Hostiles Destroyed 51 | . 14 . 37 . . . Guns 47 | . 14 . 33 . . . Cannons 4 | . . . 4 . . . Classes Destroyed 11 | 1 6 . 4 . . . Worker 1 | . . . 1 . . . Builder 4 | . . . 4 . . . Tunneler 6 | 6 . . . . . . Hauler 4 | . 1 . 3 . . . Recycler 3 | . 1 . 2 . . . Operator 5 | . 2 . 3 . . . Watcher 4 | . 1 . 3 . . . Swarmer 14 | . 6 . 8 . . . Grunt 27 | . 8 . 19 . . . Brawler 2 | . . . 2 . . . Sentry 8 | . . . 8 . . . Best Kill Streak 6 | 4 3 . 6 . . . Combat Bots Only 6 | . 3 . 6 . . . Max Kills in Single Turn 2 | 1 2 . 2 . . . Gunslinging 1 | . 1 . 1 . . . Exploded . | . . . . . . . Melee . | . . . . . . . Uniques/NPCs Destroyed . | . . . . . . . Combat | -11 -10 -10 -9 -9 -9 -8 -------- Run | Yrd Mat Min Mat Min Exi Min Hostile Shots Fired 310 | . 87 11 212 . . . Missed 70 | . 24 2 44 . . . Damage Taken 2809 | . 682 88 2013 . . 26 Core 563 | . 124 36 390 . . 13 Absorbed by Shields . | . . . . . . . Core Remaining (%) 68 | 100 . 36 . . . . Volleys Fired 240 | 11 69 3 156 . . 1 Largest 2 | 2 2 2 2 . . 2 Hottest 110 | 40 55 55 110 . . 53 Shots Fired 466 | 22 138 6 298 . . 2 Gun 420 | 22 131 3 263 . . 1 Cannon 45 | . 7 3 35 . . . Launcher 1 | . . . . . . 1 Special . | . . . . . . . Kinetic 418 | 22 138 6 251 . . 1 Thermal 47 | . . . 47 . . . Explosive 1 | . . . . . . 1 Electromagnetic . | . . . . . . . Robot Hit Streak 17 | 6 17 1 16 . . 8 Robot Miss Streak 5 | 2 2 5 4 . . . Penetration Max . | . . . . . . . Secondary Targets 9 | . 3 . 6 . . . Max Gunslinging Chain 1 | . 1 . 1 . . . Shots Hit Robots 311 | 13 95 1 200 . . 2 Core Hits 116 | 6 32 . 78 . . . Critical Kills 2 | . 1 . 1 . . . Critical Parts Destroyed 2 | . . . 2 . . . Critical Strikes 9 | . 1 . 8 . . . Burn 4 | . . . 4 . . . Destroy 4 | . 1 . 3 . . . Blast 1 | . . . 1 . . . Melee Attacks . | . . . . . . . Impact . | . . . . . . . Slashing . | . . . . . . . Piercing . | . . . . . . . Sneak Attacks . | . . . . . . . Combat Hostiles . | . . . . . . . Follow-up Attacks . | . . . . . . . Damage Inflicted 4420 | 168 1162 20 3020 . . 50 Guns 3821 | 168 1054 . 2585 . . 14 Cannons 553 | . 105 20 428 . . . Explosions 36 | . . . . . . 36 Melee . | . . . . . . . Ramming 10 | . 3 . 7 . . . Kinetic 3761 | 168 1159 20 2400 . . 14 Thermal 613 | . . . 613 . . . Explosive 36 | . . . . . . 36 Electromagnetic . | . . . . . . . Impact . | . . . . . . . Slashing . | . . . . . . . Piercing . | . . . . . . . Highest Corruption 7 | . . . 7 7 7 7 Average Corruption 6 | . . . 6 7 7 7 Corruption Purged . | . . . . . . . Corruption Blocked . | . . . . . . . Effects 53 | . . . 42 2 8 1 Message Errors 11 | . . . 6 1 3 1 Matter Fused 12 | . . . 10 . 2 . Heat Flow Errors 4 | . . . 4 . . . Energy Discharges 6 | . . . 4 . 2 . Parts Rejected 1 | . . . 1 . . . Data Loss (minor) 9 | . . . 8 1 . . Data Loss (major) 5 | . . . 4 . 1 . Misfires 3 | . . . 3 . . . Alerts 2 | . . . 2 . . . Overload Shots . | . . . . . . . Overflow Damage 6 | . . . . . . 6 Projectiles . | . . . . . . . Explosions 6 | . . . . . . 6 Melee . | . . . . . . . Knockbacks 3 | . 1 1 1 . . . Impact . | . . . . . . . Kinetic 3 | . 1 1 1 . . . Secondary . | . . . . . . . Self-Inflicted Damage 40 | . . . . . . 40 Shots 1 | . . . . . . 1 Rammed 1 | . . . 1 . . . Targets Rammed 2 | . 1 . 1 . . . Kicked 1 | . 1 . . . . . Crushed . | . . . . . . . Highest Temperature 372 | . 28 14 372 . . . Average Temperature 70 | . 9 8 86 . . . Received Heat Transfer 1032 | . 264 27 741 . . . Effects 1 | . . . 1 . . . Matter Decay 1 | . . . 1 . . . Siege Activations . | . . . . . . . Robots Corrupted . | . . . . . . . Combat Hostiles . | . . . . . . . Parts Fried . | . . . . . . . Impact Corruptions . | . . . . . . . Robots Melted . | . . . . . . . Combat Hostiles . | . . . . . . . Parts Melted 3 | . . . 3 . . . Heat Transferred 1369 | . . . 1369 . . . Parts Sabotaged . | . . . . . . . Parts Stolen . | . . . . . . . Parts Stripped . | . . . . . . . Power Chain Reactions . | . . . . . . . Alert | -11 -10 -10 -9 -9 -9 -8 ------- Run | Yrd Mat Min Mat Min Exi Min Peak Influence 658 | 30 257 77 658 246 . . Initial 246 | . 19 40 29 246 . . Average 208 | 12 94 43 278 246 . . Maximum Alert Level 2 | . 1 . 2 1 . . Low Security (%) 60 | 100 97 100 41 . . 100 Level 1 18 | . 2 . 25 100 . . Level 2 21 | . . . 33 . . . Level 3 . | . . . . . . . Level 4 . | . . . . . . . Level 5 . | . . . . . . . High Security . | . . . . . . . Max Security . | . . . . . . . Squads Dispatched 5 | . 1 . 4 . . . Investigation 2 | . 1 . 1 . . . Extermination . | . . . . . . . Reinforcement 3 | . . . 3 . . . Assault . | . . . . . . . Garrison . | . . . . . . . Intercept . | . . . . . . . Searches Triggered . | . . . . . . . Construction Impeded . | . . . . . . . Haulers Reinforced . | . . . . . . . Active Scanning Responses . | . . . . . . . Cargo Convoy Interrupts . | . . . . . . . Stealth | -11 -10 -10 -9 -9 -9 -8 --------- Run | Yrd Mat Min Mat Min Exi Min Distress Signals 6 | . 2 . 4 . . . Communications Jammed . | . . . . . . . Distress Signals . | . . . . . . . Times Spotted 94 | . 31 4 59 . . . Peak Tracking Total 8 | . 5 3 8 . . . Tactical Retreats 10 | . 1 1 8 . . . Traps | -11 -10 -10 -9 -9 -9 -8 ------- Run | Yrd Mat Min Mat Min Exi Min Traps Triggered 3 | . 1 . 2 . . . Indirectly . | . . . . . . . Trap Hack Attempts . | . . . . . . . Triggered . | . . . . . . . Disarmed . | . . . . . . . Reprogrammed . | . . . . . . . Reused . | . . . . . . . Traps Extracted . | . . . . . . . Installed . | . . . . . . . Triggered . | . . . . . . . Most Traps Carried 5 | . . 5 5 1 1 1 Machines | -11 -10 -10 -9 -9 -9 -8 ---------- Run | Yrd Mat Min Mat Min Exi Min Machines Disabled . | . . . . . . . Max in Single Turn . | . . . . . . . Machines Repaired . | . . . . . . . Machines Dismantled . | . . . . . . . Machines Sabotaged . | . . . . . . . Overloaded Fab Kills . | . . . . . . . Hacking | -11 -10 -10 -9 -9 -9 -8 --------- Run | Yrd Mat Min Mat Min Exi Min Machines Accessed 9 | . 4 . 4 . 1 . Terminals 7 | . 4 . 3 . . . Fabricators . | . . . . . . . Repair Stations 1 | . . . 1 . . . Recycling Units . | . . . . . . . Scanalyzers . | . . . . . . . Garrison Access . | . . . . . . . Total Hacks 20 | . 10 . 9 . 1 . Successful 13 | . 6 . 6 . 1 . Failed 7 | . 4 . 3 . . . Catastrophic . | . . . . . . . Database Lockouts . | . . . . . . . Manual 8 | . 5 . 2 . 1 . Terminals 16 | . 10 . 6 . . . Fabricators . | . . . . . . . Repair Stations 3 | . . . 3 . . . Recycling Units . | . . . . . . . Scanalyzers . | . . . . . . . Garrison Access . | . . . . . . . Terminal Hacks 8 | . 4 . 3 . 1 . Prototype ID Bank 1 | . . . 1 . . . Alert Level 1 | . 1 . . . . . Locate Traps 1 | . 1 . . . . . Patrol Status 1 | . . . 1 . . . Recall Investigation 1 | . 1 . . . . . Hauler Manifests 1 | . . . 1 . . . Zone Layout 1 | . 1 . . . . . Derelict Proto ID Bank 1 | . . . . . 1 . Fabricator Hacks . | . . . . . . . Repair Station Hacks 1 | . . . 1 . . . Scan Component 1 | . . . 1 . . . Recycling Unit Hacks . | . . . . . . . Scanalyzer . | . . . . . . . Garrison Access Hacks . | . . . . . . . Unauthorized Hacks 4 | . 2 . 2 . . . Terminals 4 | . 2 . 2 . . . Botnet 4 | . 2 . 2 . . . Fabricators . | . . . . . . . Repair Stations . | . . . . . . . Recycling Units . | . . . . . . . Scanalyzers . | . . . . . . . Garrison Access . | . . . . . . . Data Cores Recovered 1 | . 1 . . . . . Used . | . . . . . . . Hacking Detections 5 | . 2 . 3 . . . Full Trace Events 2 | . 1 . 1 . . . Feedback Events . | . . . . . . . Feedback Blocked . | . . . . . . . Robot Schematics Acquired . | . . . . . . . Robots Built . | . . . . . . . Authchips . | . . . . . . . Time . | . . . . . . . Total Robot Build Rating . | . . . . . . . Part Schematics Acquired . | . . . . . . . Parts Built . | . . . . . . . Authchips . | . . . . . . . Time . | . . . . . . . Total Part Build Rating . | . . . . . . . Parts Repaired . | . . . . . . . Time . | . . . . . . . Parts Recycled . | . . . . . . . Recycled Matter . | . . . . . . . Retrieved Matter . | . . . . . . . Retrieved Components . | . . . . . . . Parts Scanalyzed . | . . . . . . . Part Schematics Acquired . | . . . . . . . Parts Damaged . | . . . . . . . Bothacking | -11 -10 -10 -9 -9 -9 -8 ------------ Run | Yrd Mat Min Mat Min Exi Min Used RIF Installer . | . . . . . . . Robots Hacked . | . . . . . . . Non-combat . | . . . . . . . Combat . | . . . . . . . Robot Hacks Applied . | . . . . . . . Relay Couplers Released . | . . . . . . . Fabnet Peak Effective % . | . . . . . . . Robots Rewired . | . . . . . . . Allies Hacked . | . . . . . . . Hacks Repelled . | . . . . . . . Allies | -11 -10 -10 -9 -9 -9 -8 -------- Run | Yrd Mat Min Mat Min Exi Min Total Allies 1 | . . 1 . . . . Largest Group 1 | . . 1 1 . . . Highest-Rated Group 31 | . . 31 31 . . . Highest-Rated Ally 31 | . . 31 31 . . . Total Orders . | . . . . . . . Ally Attacks 10 | . . 5 5 . . . Total Damage 146 | . . 64 82 . . . Kills 1 | . . 1 . . . . Allies Corrupted . | . . . . . . . Allies Melted . | . . . . . . . Intel | -11 -10 -10 -9 -9 -9 -8 ------- Run | Yrd Mat Min Mat Min Exi Min Robot Analysis Total . | . . . . . . . Derelict Logs Recovered . | . . . . . . . Drone Launches . | . . . . . . . Drone Recoveries . | . . . . . . . Exploration | -11 -10 -10 -9 -9 -9 -8 ------------- Run | Yrd Mat Min Mat Min Exi Min Turns Passed 5253 | 262 1156 250 3223 36 302 24 Spaces Moved 2176 | 132 524 122 1135 16 221 26 Core 17 | 3 . . 14 . . . Treads 1222 | 129 334 . 618 16 125 . Legs 937 | . 190 122 503 . 96 26 Wheels . | . . . . . . . Hover . | . . . . . . . Flight . | . . . . . . . Fastest Speed 50 | 50 120 190 160 240 90 90 Average Speed 192 | 157 163 190 224 240 132 90 Slowest Speed 700 | 160 190 190 700 240 240 90 Overloaded Moves . | . . . . . . . Propulsion Burnouts . | . . . . . . . Robots Hopped . | . . . . . . . Cave-ins Triggered . | . . . . . . . Exploration Rate (%) 35 | 7 72 25 75 6 60 6 Regions Visited 6 Branch Regions 4 Pre-discovered Areas 1 | . . 1 . . . . Known Exits Taken 2 | . 1 1 . . . . Unknown Exits Taken 4 | 1 . . 1 1 1 . Scrap Searched 1 | . . . . . . 1 Spaces Dug . | . . . . . . . Terrain Destroyed . | . . . . . . . Melee . | . . . . . . . Projectile . | . . . . . . . AOE . | . . . . . . . Terrain Rammed . | . . . . . . . Walls Destroyed . | . . . . . . . Machines Disabled . | . . . . . . . Actions | -11 -10 -10 -9 -9 -9 -8 --------- Run | Yrd Mat Min Mat Min Exi Min Total 2775 | 161 693 135 1512 15 232 27 Wait 251 | 3 83 6 159 . . . Move 2170 | 131 523 121 1134 15 220 26 Hop . | . . . . . . . Pick Up 33 | 9 6 5 11 . 2 . Fast Attach 26 | 5 1 . 18 . 2 . Attach 16 | 1 4 . 9 . 2 . Detach 2 | . 1 . 1 . . . Swap 12 | 1 2 . 9 . . . Drop 23 | . 3 . 14 . 6 . Fire 240 | 11 69 3 156 . . 1 Melee . | . . . . . . . Ram . | . . . . . . . Kick 1 | . 1 . . . . . Crush 1 | . . . 1 . . . Escape Stasis . | . . . . . . . Rewire . | . . . . . . . Trap . | . . . . . . . Miscellaneous . | . . . . . . . Route ------- -11/Scrapyard -10/Materials (discovered 3 exits: *Mat / *Min / *Sub) -10/Mines -9/Materials (discovered 3 exits: [*Mat] / [*Min x2]) -9/Mines -9/Exiles -8/Mines History --------- Turn | Location | Event 4 | -11/Scrapyard | Discovered new exit (range 15) 263 | -11/Scrapyard | Entered Materials 303 | -10/Materials | Build established: Mutant 695 | -10/Materials | Discovered new exit (range 6) 896 | -10/Materials | Discovered new exit (range 3) 1263 | -10/Materials | Discovered new exit (range 9) 1279 | -10/Materials | Identified exit to Materials 1305 | -10/Materials | Identified exit to Subcaves 1417 | -10/Materials | Identified exit to Mines 1419 | -10/Materials | Entered Mines 1421 | -10/Mines | Core integrity fell below 50% 1428 | -10/Mines | Escorted by a lone wolf Derelict 1448 | -10/Mines | Learned location of Storage (-7) 1474 | -10/Mines | Found a hidden stash of uninstalled traps 1652 | -10/Mines | Discovered exit to Materials (range 8) 1669 | -10/Mines | Entered Materials 1669 | -9/Materials | Accompanied by 1 ally 1669 | -9/Materials | Evolved 2 slots: Utility x2 2542 | -9/Materials | Discovered new exit (range 15) 2605 | -9/Materials | Build established: Scavenger-Mutant 2639 | -9/Materials | Discovered new exit (range 15) 3010 | -9/Materials | Lost 4 parts (2n1u1w) 3012 | -9/Materials | Discovered new exit (range 9) 3597 | -9/Materials | Lost 3 parts (1n2u) 3746 | -9/Materials | Core integrity fell below 50% 4160 | -9/Materials | Build established: Mutant 4620 | -9/Materials | Core integrity fell below 20% 4892 | -9/Materials | Entered Mines 4919 | -9/Mines | Deemed a non-threat by the Exiles lab entrance 4919 | -9/Mines | Discovered new exit (range 5) 4928 | -9/Mines | Entered Exiles 4987 | -9/Exiles | Met 8R-AWN 5009 | -9/Exiles | Met EX-HEX 5056 | -9/Exiles | Met EX-BIN 5091 | -9/Exiles | Aligned with FarCom system 5092 | -9/Exiles | Given EX-Vault access code 5129 | -9/Exiles | Opened EX-Vault 5138 | -9/Exiles | Found Potential Leg 5141 | -9/Exiles | Found Potential Leg 5162 | -9/Exiles | Warned to stay clear of 0b10 Research branches 5187 | -9/Exiles | Met EX-DEC 5219 | -9/Exiles | Discovered new exit (range 12) 5230 | -9/Exiles | Left Exiles lab with Potential Leg 5230 | -9/Exiles | Entered Mines 5254 | -8/Mines | Destroyed self with Grenade Launcher Last Messages --------------- which I did last time as a little joke and some thief managed to sneak in here and steal a few of HEX's prototypes. 05181_ System corrupted: Energy discharge (-100). EX-DEC: Ah I see we have a visitor. One wrong move in here and I'll invert your atomic chain! 05189_ EX-DEC: "Oops, I hope HEX didn't hear that..." 05203_ System corrupted: Matter fused (-5). 05219_ EXIT=FOUND LOCATION=UNKNOWN GOAL=ESCAPE 05230_ Receiving FarCom transmissions... 05231_ K-01 Serf collects debris. 05244_ /HZMLF,G6QC K&ETJRQON#C|9 05250_ Searching scrap... 05250_ Found Airjet. 05250_ Found Nuclear Core. 05250_ Found 56 Matter. 05251_ Acquired 56 matter. 05254_ Destroyed Welding Torch. Map ----- +----------------------------------------------------+ | | | | | | | | | | | | | | | | | | | | | ??????????????????????????????????????????????? | | ??????????????????????????????????????????????? | | ??????????????????????????????????????????????? | | ??????????????????????????????????????????????? | | ??????????????????????????????????????????????? | | ??????????????????????????????????????????????? | | ??????????????????????????????????????????????? | | ??????????????????????????????????????????????? | | ??????????????????????????????????????????????? | | ??????????????????????????????????????????????? | | ????????????????????????###???????????????????? | | ????????????????????????# u???????????????????? | | ????????????????????????# #???????????????????? | | ????????????????????????# #???????????????????? | | ????????????????????????#u#???????????????????? | | ????????????????????????#@#???????????????????? | | ????????????????????????# ######??????????????? | | ????????????????????????# = * #??????????????? | | ????????????????????????###### ############???? | | ?????????????????????????????# #???? | | ?????????????????????????????############ #???? | | ????????????????????????????????????????# #???? | | ????????????????????????????????????????# #???? | | ????????????????????????????????????????# #???? | | ?????????????????????????????????????#### ###?? | | ?????????????????????????????????????# #?? | | ???????????????????????????????##### # #?? | | ???????????????????????????????# #?? | | ???????????????????????????????# #?? | | ???????????????????????????????# #### #?? | | ???????????????????????????????# ????# #?? | | ?????????????????????????????????????########?? | | ??????????????????????????????????????????????? | | ??????????????????????????????????????????????? | | ??????????????????????????????????????????????? | | ??????????????????????????????????????????????? | | ??????????????????????????????????????????????? | | ??????????????????????????????????????????????? | | ??????????????????????????????????????????????? | | ??????????????????????????????????????????????? | +----------------------------------------------------+ Best States ------------- Heat Dissipation 42 Energy Generation 14 Energy Capacity 280 Matter Stores 300 Matter Capacity 300 Sight Range 16 Terrain Scan Range 16 Terrain Scan Density 10 Armor Coverage 300 Evasion (%) 57 Recoil Reduction 2 Offensive Hacking 20 Item Schematics ----------------- None Robot Schematics ------------------ None Fabricated ------------ Nothing Alien Tech Used ----------------- None Achievements -------------- None Challenges ------------ None Game ------ Seed GuidanceResetMatrix Manual? 0 Play Time 00:25:08 Cumulative 79.4 hours Start 2024.12.01 @ 18:46:55 End 2024.12.01 @ 19:11:57 Sessions 1 Manual Loads 0 Difficulty Rogue Special Mode None Game No. 81 Rogue 81 Adventurer 0 Explorer 0 Win Type - Total 0 Types 0/0/0/0/0/0/0/0/0 Lore% 11 Gallery% 34 Achievement% 33 Wizard Run 0 Options --------- Layout 2 ASCII 0 Keyboard 0 Movement Mouse Keybinds 0 Fullscreen 2 Font 16/SmallcapsGlow Map View 55x47 Zoom Use 0% Tactical HUD 1 Map Filters NONE Filters NONE Steam 1 RUN: 9df673e1-4862-484c-80c9-523fb521a63b